 Dungeon Crawl Stone Soup version 0.32-a0-560-g4c7f4391e0 (webtiles) character file.

Game seed: 8319445187528270992

126 Dittersdorf the Shield-Bearer (level 5, -1/33 HPs)
             Began as a Gargoyle Fighter on Feb 29, 2024.
             Killed by divine providence
             ... invoked by an orc priest
              (15 damage)
             ... on level 3 of the Dungeon.
             The game lasted 00:01:50 (2080 turns).

Dittersdorf the Shield-Bearer (Gargoyle Fighter)    Turns: 2080, Time: 00:01:50

Health: -1/33      AC: 12    Str: 21    XL:     5   Next: 9%
Magic:  5/5        EV: 24    Int:  9    God:
Gold:   76         SH:  4    Dex:  9    Spells: 4/4 levels left

rFire   . . .        a - +0 flail
rCold   . . .        c - +0 buckler
rNeg    + . .        b - +0 scale mail
rPois   ∞            (no helmet)
rElec   +            (no cloak)
rCorr   .            m - +0 pair of gloves
SInv    .            (no boots)
Will    .....        e - amulet of the acrobat Stlth
                     (no ring)
HPRegen 0.25/turn    (no ring)
MPRegen 0.09/turn

%: acrobat
@: acrobatic
A: sickness immunity, AC +4, negative energy resistance 1, electricity
resistance, torment resistance 1, petrification resistance
a: Convert to Beogh


You were on level 3 of the Dungeon.
You visited 1 branch of the dungeon, and saw 3 of its levels.

You collected 76 gold pieces.

Inventory:

Hand Weapons
 a - a +0 flail (weapon)
Armour
 b - a +0 scale mail (worn)
 c - a +0 buckler (worn)
 m - a +0 pair of gloves (worn)
Jewellery
 e - an amulet of the acrobat (around neck)
Scrolls
 f - a scroll of blinking {unknown}
 g - a scroll of enchant weapon {unknown}
 h - 3 scrolls of silence {unknown}
 i - a scroll of amnesia {unknown}
 k - a scroll of identify {unknown}
 l - 2 scrolls of poison {unknown}
 n - a scroll of brand weapon {unknown}
 p - a scroll of fog {unknown}
Potions
 d - a potion of might
 j - a potion of mutation {unknown}
 o - a potion of heal wounds {unknown}
 q - a potion of curing {unknown}


   Skills:
 + Level 4.2 Fighting
 + Level 3.0 Maces & Flails
 + Level 4.1 Armour
 + Level 4.2 Shields


You had 4 spell levels left.
You didn't know any spells.
Your spell library contained the following spells:

 Spells                   Type           Power      Damage    Failure   Level
 Sting                    Conj/Alch      0%         1d3       78%         1
 Mercury Vapours          Alch/Air       0%         N/A       89%         2
 Olgreb's Toxic Radiance  Alch           0%         N/A       100%        4


Dungeon Overview and Level Annotations

Branches:
Dungeon (3/15)

Altars:

Shops:
D:2 [


Innate Abilities, Weirdness & Mutations

You are immune to sickness and miasma.
Your stone body is resilient. (AC +4)
You are immune to poison.
You resist negative energy. (rN+)
You are resistant to electric shocks. (rElec)
You are resistant to unholy torment.
You are immune to petrification.


Message History

An orc comes into view. It is wielding a +0 club.
The orc shouts!
Found a stone staircase leading down.
An orc priest comes into view. It is wielding a +0 mace.
The orc misses you.
The orc priest shouts!
You hit the orc.
The orc is lightly wounded.
You block the orc's attack. The orc closely misses you.
The orc completely misses you. You block the orc's attack.
An orc comes into view. It is wielding a +0 dagger.
The orc hits you with a +0 club. x2; The orc barely misses you.
The orc shouts!
You thump the orc!
You kill the orc!
The orc hits you but does no damage. You block the orc's attack.
The orc closely misses you.
You hit the orc.
The orc is heavily wounded.
An orc comes into view. It is wielding a +0 club.
The orc hits you but does no damage. The orc hits you with a +0 hand axe.
You barely miss the orc.
The orc is heavily wounded.
The orc hits you but does no damage. You block the orc's attack.
The orc hits you with a +0 hand axe.
The orc priest threatens, "Beogh's wrath is as vast as their mercy.
Make your choice!" (press Y on the ability menu to convert to Beogh)
The orc attacks as it pursues you! You block the orc's attack.
The orc misses you. The orc attacks as it pursues you!
The orc barely misses you. The orc attacks as it pursues you!
The orc closely misses you. The orc attacks as it pursues you!
The orc completely misses you. The orc attacks as it pursues you!
The orc completely misses you.
The orc priest mumbles some strange prayers to Beogh against you.
Beogh smites you! The orc attacks as it pursues you! The orc barely misses you.
The orc attacks as it pursues you! The orc completely misses you.
The orc priest invokes the aid of Beogh against you.
Beogh smites you!
You die...

#####.....#.##†...........
#####........###......
#####.##..........
#####.....<.......
#.........#.......
#.................
#.................
#.................
#.......@####.#...
#......o## .#... #.......#
.. .. ##.......# ..#
#..###.o## ..# #
#.....o######..##>#
.....####............ ...
##.ooo......... .
#.............#


You could see an orc priest and 2 orcs.

Vanquished Creatures
  Jessica (D:2)
  4 adders
  3 dart slugs
  A ribbon worm (D:2)
  An orc (D:3)
  4 bats
  8 endoplasms
  2 giant cockroaches (D:1)
  7 goblins
  4 hobgoblins
  4 jackals (D:2)
  2 kobolds
  4 ball pythons
  2 frilled lizards
  4 rats
51 creatures vanquished.

Notes
Turn   | Place    | Note
-------+----------+-------------------------------------------
     0 | D:1      | Dittersdorf the Gargoyle Fighter began the quest for the
                  | Orb.
     0 | D:1      | Reached XP level 1. HP: 14/14 MP: 1/1
   116 | D:1      | Reached XP level 2. HP: 19/19 MP: 2/2
   363 | D:1      | Found a faded altar of an unknown god.
   861 | D:1      | Reached XP level 3. HP: 23/23 MP: 3/3
  1494 | D:2      | Found Digg's Antique Armour Emporium.
  1594 | D:2      | Reached XP level 4. HP: 15/29 MP: 4/4
  1731 | D:2      | Noticed Jessica
  1746 | D:2      | Killed Jessica
  2029 | D:3      | Reached XP level 5. HP: 33/33 MP: 5/5
  2080 | D:3      | Killed from afar by an orc priest

Illustrated notes

Levels and vault maps discovered:
D:1:      ncdulo_wetmaze, layout_basic, serial_co_window_serial,
          co_window_corner_a, co_window_paths_b, co_window_of_opportunity_a,
          co_window_paths_b, co_window_paths_a, co_window_corner_b,
          co_window_broadway_a, co_window_corner_cb, co_window_of_opportunity_b,
          co_window_corner_b, co_window_4corner_b, co_window_paths_d,
          glass_columns_b, glass_columns_a, glass_columns_b, glass_columns_a,
          glass_columns_b, shapermc_ecumenical_altar_mp_vishouse
D:2:      layout_loops_cross, serial_shops, shop, minmay_circled_x, uniq_jessica
D:3:      layout_rooms, hangedman_abyss_or_decor_stabs, minmay_statues_item

Skill      XL: |  1  2  3  4 |
---------------+-------------+-----
Fighting       | 4 |  4.2
Armour         | 4 |  4.1
Shields        | 4 |  4.2
Maces & Flails | 3 |  3.0

Action                     |  1- 3 |  4- 6 || total
---------------------------+-------+-------++-------
  Melee: Flail             |   122 |    50 ||   172
 Armour: Scale mail        |    81 |    40 ||   121
  Dodge: Dodged            |    71 |    39 ||   110
  Block: Buckler           |    25 |    21 ||    46

Table legend: (Time is in decaauts)
 A = Elapsed time spent in this place.
 B = Non-inter-level travel time spent in this place.
 C = Inter-level travel time spent in this place.
 D = Time resting spent in this place.
 E = Time spent auto-exploring this place.
 F = Levels seen in this place.
 G = Mean time per level.
                   A        B        C        D        E       F      G
               +--------+--------+--------+--------+--------+-----+--------+
         Total |   2146 |   2065 |     81 |     89 |   1500 |   3 |  715.3 |
       Dungeon |   2146 |   2065 |     81 |     89 |   1500 |   3 |  715.3 |
               +--------+--------+--------+--------+--------+-----+--------+

Top non-repeatable levels by time:
     D:1: 1118 daAuts
     D:2: 961 daAuts
     D:3: 66 daAuts
